 Dungeon Crawl Stone Soup version 0.27-a0-1525-g1038ab4fd7 (webtiles) character file.

Game seed: 4022037952469803145

180840 Zonian the Illuminatus (level 18, -10/147 HPs)
             Began as a Gnoll Conjurer on July 10, 2021.
             Was a High Priest of Ashenzari.
             Mangled by an emperor scorpion (26 damage)
             ... on level 4 of the Spider Nest on July 11, 2021.
             The game lasted 02:42:05 (62810 turns).

Zonian the Illuminatus (Gnoll Conjurer)            Turns: 62810, Time: 02:42:06

Health: -10/147    AC: 16    Str:  6      XL:     18   Next: 28%
Magic:  15/46      EV: 18    Int: 26      God:    Ashenzari [*****.]
Gold:   1758       SH:  9    Dex: 11 (12) Spells: 7/47 levels left

rFire    . . .     SeeInvis +   n - +3 short sword of Ashenzari's Visionary {venom, Evo, Comp} (curse)
rCold    + . .     Faith    .   c - +1 buckler of the Unveiling Pleiades {Self, Bglg} (curse)
rNeg     . . .     Spirit   .   i - +2 robe "Behold Eternity" {Will+, Alch, Evo} (curse)
rPois    +         Reflect  .   C - +2 helmet "Bound Together" {SInv, Cun, Alch} (curse)
rElec    +         Harm     .   s - +1 cloak "Burden of Ashenzari" {Melee, Fort} (curse)
rCorr    .         Rampage  .   S - +2 pair of gloves of the Eye in the Sky {Fort, Alch} (curse)
Will     ++...     Clarity  +   (no boots)
Stlth    ++++++....             k - amulet of the Cursed Dismay {Acrobat, Elem, Fort} (curse)
HPRegen  0.34/turn              x - ring "Manifest Inaction" {rC+ Slay+5, Fort, Comp} (curse)
MPRegen  0.30/turn              Q - ring "Elysian Unpleasantness" {rElec rPois MP+9 Str-4 Int+5, Melee, Elem} (curse)

@: lethally poisoned (-10 -> -14)
A: fangs 1, strong nose, distributed training
a: Renounce Religion, Curse Item, Shatter the Chains


You were on level 4 of the Spider Nest.
You worshipped Ashenzari.
Ashenzari was extremely pleased with you.
You visited 5 branches of the dungeon, and saw 28 of its levels.
You also visited: Sewer.

You collected 3887 gold pieces.
You spent 2129 gold pieces at shops.

Inventory:

Hand Weapons
 n - the cursed +3 short sword of Ashenzari's Visionary (weapon) {venom, Evo, Comp}
   (You took it off an orc on level 3 of the Dungeon)

   It poisons the flesh of those it strikes.
   It has a curse which improves the following skills: Evocations: Evocations.
   Companions: Summonings and Necromancy.
 E - a +0 long sword of electrocution
 W - a +2 war axe of venom
Missiles
 e - 2 silver boomerangs
 g - 102 poisoned darts
 r - 6 throwing nets
 A - a curare-tipped dart
 F - 14 javelins
 H - 4 boomerangs of dispersal
Armour
 c - the cursed +1 buckler of the Unveiling Pleiades (worn) {Self, Bglg}
   (You took it off a tengu conjurer on level 13 of the Dungeon)

   It has a curse which improves the following skills: Introspection: Fighting
   and Spellcasting.
   Beguiling: Conjurations, Hexes and Translocations.
 i - the cursed +2 robe "Behold Eternity" (worn) {Will+, Alch, Evo}
   (You took it off Sigmund on level 2 of the Dungeon)

   It has a curse which improves the following skills: Alchemy: Poison Magic and
   Transmutations.
   Evocations: Evocations.
 s - the cursed +1 cloak "Burden of Ashenzari" (worn) {Melee, Fort}
   (You found it on level 3 of the Dungeon)

   It has a curse which improves the following skills: Melee Combat: Short
   Blades, Long Blades, Axes, Maces & Flails, Polearms, Staves and Unarmed
   Combat.
   Fortitude: Armour and Shields.
 C - the cursed +2 helmet "Bound Together" (worn) {SInv, Cun, Alch}
   (You bought it in a shop on level 5 of the Dungeon)

   It has a curse which improves the following skills: Cunning: Dodging and
   Stealth.
   Alchemy:   Poison Magic and Transmutations.
 I - the +0 ring mail "Bihig" {rF+ rC+ rCorr Int-2}
   (You found it on level 6 of the Lair of Beasts)

   Int:       It affects your intelligence (-2).
   rF:        It protects you from fire.
   rC:        It protects you from cold.
   rCorr:     It protects you from acid and corrosion.
 R - the +0 scale mail of the Kettle-Drum {*Slow Int+6}
   (You took it off a meliai on level 14 of the Dungeon)

   Int:       It affects your intelligence (+6).
   *Slow:     It may slow you when you take damage.
 S - the cursed +2 pair of gloves of the Eye in the Sky (worn) {Fort, Alch}
   (You found it on level 5 of the Lair of Beasts)

   It has a curse which improves the following skills: Fortitude: Armour and
   Shields.
   Alchemy:   Poison Magic and Transmutations.
 V - a +0 troll leather armour
Jewellery
 k - the cursed amulet of the Cursed Dismay (around neck) {Acrobat, Elem, Fort}
   (You took it off a goblin on level 1 of the Dungeon)

   [amulet of the acrobat]

   It increases your evasion while moving and waiting.
   It has a curse which improves the following skills: Elements: Fire Magic, Ice
   Magic, Air Magic and Earth Magic.
   Fortitude: Armour and Shields.
 u - a ring of protection from fire
 x - the cursed ring "Manifest Inaction" (left hand) {rC+ Slay+5, Fort, Comp}
   (You bought it in a shop on level 2 of the Orcish Mines)

   [ring of protection from cold]

   Slay:      It affects your accuracy & damage with ranged weapons and melee
   (+5).
   rC:        It protects you from cold.
   It has a curse which improves the following skills: Fortitude: Armour and
   Shields.
   Companions: Summonings and Necromancy.
 Q - the cursed ring "Elysian Unpleasantness" (right hand) {rElec rPois MP+9 Str-4 Int+5, Melee, Elem}
   (You acquired it on level 13 of the Dungeon)

   [ring of poison resistance]

   Str:       It affects your strength (-4).
   Int:       It affects your intelligence (+5).
   rElec:     It insulates you from electricity.
   rPois:     It protects you from poison.
   MP:        It affects your magic capacity (+9).
   It has a curse which improves the following skills: Melee Combat: Short
   Blades, Long Blades, Axes, Maces & Flails, Polearms, Staves and Unarmed
   Combat.
   Elements:  Fire Magic, Ice Magic, Air Magic and Earth Magic.
Wands
 f - a wand of mindburst (8)
 o - a wand of acid (15)
 G - a wand of digging (10)
 N - a wand of charming (32)
 Y - a wand of iceblast (3)
 Z - a wand of flame (43)
Scrolls
 a - 2 scrolls of teleportation
 b - a scroll of magic mapping
 p - 3 scrolls of holy word
 q - 2 scrolls of enchant armour
 v - 7 scrolls of fog
 w - a scroll of silence
 y - a scroll of summoning
 O - 3 scrolls of enchant weapon
 U - 3 scrolls of blinking
Potions
 d - 8 potions of ambrosia
 h - 8 potions of flight
 j - 3 potions of lignification
 m - 3 potions of resistance
 t - 5 potions of haste
 z - 3 potions of invisibility
 B - 22 potions of curing
 J - 3 potions of heal wounds
 K - 2 potions of cancellation
 L - a potion of magic
 M - a potion of berserk rage
 T - a potion of brilliance
Miscellaneous
 P - a box of beasts
 X - a phantom mirror


   Skills:
 + Level 12.0(14.4) Fighting
 + Level 12.0(15.7) Short Blades
 + Level 12.0(15.7) Long Blades
 + Level 12.0(15.7) Axes
 + Level 12.0(15.7) Maces & Flails
 + Level 12.0(15.7) Polearms
 + Level 12.0(15.7) Staves
 + Level 12.0 Slings
 + Level 12.0 Bows
 + Level 12.0 Crossbows
 + Level 12.0 Throwing
 + Level 12.0(17.9) Armour
 + Level 12.8(15.1) Dodging
 + Level 12.6(15.0) Stealth
 + Level 12.0(17.9) Shields
 + Level 12.0(15.7) Unarmed Combat
 + Level 12.9(15.2) Spellcasting
 + Level 12.2(14.6) Conjurations
 + Level 10.3(12.8) Hexes
 + Level 10.3(14.1) Summonings
 + Level 10.3(14.1) Necromancy
 + Level 10.3(12.8) Translocations
 + Level 10.3(15.2) Transmutations
 + Level 10.3(14.1) Fire Magic
 + Level 10.3(14.1) Ice Magic
 + Level 10.3(14.1) Air Magic
 + Level 10.3(14.1) Earth Magic
 + Level 10.3(15.2) Poison Magic
 + Level 13.0 Invocations
 + Level 12.0(15.7) Evocations


You had 7 spell levels left.
You knew the following spells:

 Your Spells              Type           Power      Damage    Failure   Level
a - Magic Dart            Conj           100%       1d8       0%          1
b - Searing Ray           Conj           100%       3d7       0%          2
c - Dazzling Flash        Conj/Hex       100%       N/A       1%          3
d - Iskenderun's Mystic   Conj/Tloc      74%        2d15      1%          4
e - Vampiric Draining     Necr           37%        2d11      1%          3
f - Mephitic Cloud        Conj/Pois/Air  77%        N/A       1%          3
g - Fulminant Prism       Conj/Hex       37%        3d18      1%          4
h - Lesser Beckoning      Tloc           36%        N/A       1%          3
i - Ignite Poison         Fire/Tmut/Pois 77%        N/A       1%          3
j - Borgnjor's Vile Clut  Necr/Erth      37%        N/A       1%          5
k - Iron Shot             Conj/Erth      38%        9d8       1%          6
l - Stone Arrow           Conj/Erth      100%       3d13      1%          3

Your spell library contained the following spells:

 Spells                   Type           Power      Damage    Failure   Level
 Animate Skeleton         Necr           100%       N/A       0%          1
 Pain                     Necr           100%       1d9       0%          1
 Call Imp                 Summ           75%        N/A       0%          2
 Ensorcelled Hibernation  Hex/Ice        100%       N/A       0%          2
 Spider Form              Tmut/Pois      39%        N/A       0%          3
 Conjure Flame            Conj/Fire      76%        6-21      1%          3
 Frozen Ramparts          Ice            100%       1d12      1%          3
 Gell's Gravitas          Tloc           36%        N/A       1%          3
 Teleport Other           Tloc           72%        N/A       1%          3
 Animate Armour           Summ/Erth      100%       N/A       1%          4
 Ice Form                 Ice/Tmut       77%        N/A       1%          4
 Sticky Flame             Conj/Fire      76%        2d9       1%          4
 Summon Ice Beast         Ice/Summ       75%        N/A       1%          4
 Alistair's Intoxication  Tmut/Pois      52%        N/A       1%          5
 Iskenderun's Battlesphe  Conj           77%        2d13      1%          5
 Eringya's Noxious Bog    Tmut/Pois      39%        N/A       1%          6
 Shadow Creatures         Summ           N/A        N/A       1%          6
 Spellforged Servitor     Conj/Summ      38%        N/A       6%          7
 Lehudib's Crystal Spear  Conj/Erth      38%        10d9      45%         8


Dungeon Overview and Level Annotations

Branches:
Dungeon (15/15)            Temple (1/1) D:4            Lair (6/6) D:10
 Shoals (0/4) Lair:4       Spider (4/4) Lair:4        Slime (0/5) Lair:6
    Orc (2/2) D:11            Elf (0/3) Orc:2        Vaults (0/5) D:14
 Depths (0/5) D:15          Sewer (visited)

Altars:
Ashenzari
Cheibriados
Dithmenos
Elyvilon
Fedhas
Gozag
Hepliaklqana
Kikubaaqudgha
Makhleb
Nemelex Xobeh
Okawaru
Qazlal
Ru
Sif Muna
Trog
Uskayaw
Vehumet
Wu Jian
Xom
Yredelemnul
Zin
The Shining One
Beogh

Shops:
D:5 (?[*   D:12 =   D:15 (   Orc:2 [(*:[*=

Portals:
Trove: D:11 (give 6 scrolls of fear)

Annotations:
D:7 Dowan
Lair:5 exclusion: oklob plant
Lair:6 exclusion: 2 oklob plants


Innate Abilities, Weirdness & Mutations

You have very sharp teeth.
Your uncanny sense of smell can sniff out nearby items.
Your experience applies equally to all skills.


Message History

The redback bites you!
You are poisoned.
The redback poisons you! You block the wolf spider's attack. x2
The redback misses you. The wolf spider completely misses you.
The wolf spider closely misses you.
You feel extremely sick. The redback completely misses you.
The wolf spider completely misses you. You block the wolf spider's attack.
You feel extremely sick. The redback completely misses you.
You block the wolf spider's attack. The wolf spider completely misses you.
You feel very sick. The redback completely misses you.
The wolf spider misses you.
The wolf spider bites you but does no damage.
The redback closely misses you.
You feel very sick. The wolf spider completely misses you.
The wolf spider closely misses you. The redback barely misses you.
You block the wolf spider's attack. The wolf spider misses you.
You feel very sick.
The orb spider weaves a glowing orb of energy.
The moth of wrath goads the emperor scorpion on!
The emperor scorpion goes berserk!
An orb of destruction comes into view.
You feel very sick. The wolf spider completely misses you.
The wolf spider bites you.
You feel sick.
You feel sick. The wolf spider barely misses you.
You block the wolf spider's attack. The redback completely misses you.
There is a stone staircase leading up, spattered with blood here.
You feel sick. The wolf spider hits you!!
The wolf spider bites you but does no damage.
The orb of destruction hits the wolf spider!!!
The redback bites you!!
* * * LOW HITPOINT WARNING * * *
The wolf spider hits you!!
* * * LOW HITPOINT WARNING * * *
The wolf spider bites you but does no damage.
You block the redback's attack. The emperor scorpion stings you!!
You die...

^, ∆
{##..s○○.†^......#
* ,**
^##..#.....#...#.#
* ,
{{##....°.........#
*^,, *
##....^s....^...#
,, ,
##^.^##°....#..^#
,,,, ,,
##..####○.......# ,
,
*#######.y.......#
,,, *
#######sss......#
.^.*
######@^......# ..#
{ **
####^#^........#
..# *
###..^.........# .#
,, ##....#...#....#
.# , *
###..^.........# .
**,,
####.......#...#
,**
###^.#.........#
*,,
###............#
.**, *
##............#


You could see an emperor scorpion (berserk), a wolf spider (berserk), a moth of
wrath, an orb spider and a redback (berserk).

Vanquished Creatures
  Saint Roka (Orc:2)
  Arachne (Spider:4)
  Agnes (D:14)
  Gastronok (D:11)
  Aizul (Spider:2)
  4 ghost moths
  An emperor scorpion (Spider:4)
  An ironbound preserver (D:14)
  Azrael (Spider:2)
  2 entropy weavers
  2 spark wasps (Spider:4)
  Josephine (Lair:5)
  A great orb of eyes (D:15)
  2 ogre magi (D:14)
  2 catoblepae
  Erolcha (D:10)
  9 boulder beetles
  Harold (D:7)
  11 hydras
  3 death knights
  11 centaur warriors
  A deep troll shaman (Lair:6)
  5 two-headed ogres
  2 tengu warriors
  13 death yaks
  An orc high priest (Orc:2)
  Nergalle (Lair:2)
  5 skeletal warriors
  A lindwurm (Lair:5)
  4 orc knights (Orc:2)
  2 phantasmal warriors (D:15)
  4 deep elf pyromancers
  A deep elf zephyrmancer (D:10)
  7 cyclopes
  3 manticores
  19 orb spiders
  11 ugly things
  3 orc sorcerers
  29 wolf spiders
  A moth of wrath (Spider:3)
  A merfolk siren (Lair:4)
  Maurice (D:13)
  3 black mambas (Lair:6)
  7 elephants
  10 cane toads
  4 torpor snails
  A gargoyle (D:14)
  Maggie (D:10)
  A cane toad (shapeshifter) (D:14)
  7 rime drakes
  4 unseen horrors
  17 demonic crawlers
  An unseen horror (shapeshifter) (D:14)
  15 komodo dragons
  A yaktaur (D:14)
  An efreet (D:14)
  A yaktaur (shapeshifter) (D:15)
  5 tengu conjurers
  A freezing wraith (D:14)
  23 jumping spiders
  4 polar bears
  A meliai (D:14)
  A queen bee (D:10)
  A tyrant leech (shapeshifter) (D:15)
  9 trolls
  5 hornets
  12 blink frogs
  13 dream sheep
  11 slime creatures
  A centaur simulacrum (D:15)
  84 redbacks
  31 tarantellas
  A spriggan (Lair:3)
  2 shadows
  4 wyverns
  7 wraiths
  54 yaks
  A tarantella (shapeshifter) (D:14)
  2 basilisks
  A steam dragon (D:8)
  Sigmund (D:2)
  A fire elemental (Spider:2)
  5 humans (D:7)
  An acid dragon (shapeshifter) (D:12)
  2 wargs (Orc:2)
  15 vampire mosquitoes
  4 hell hounds (Spider:2)
  2 acid dragons
  15 water moccasins
  Duvessa (D:7)
  2 swamp drakes
  5 black bears
  An ice beast (D:7)
  25 orc warriors
  2 sky beasts
  11 ogres
  5 necrophages
  23 wolves
  14 centaurs
  A phantom (D:6)
  2 kobold brigands
  15 bullfrogs
  A gnoll sergeant (D:13)
  4 scorpions
  36 killer bees
  14 wights
  3 electric eels
  A jelly (D:5)
  5 howler monkeys
  A crimson imp (D:10)
  6 centaur zombies
  2 centaur skeletons (D:7)
  A bullfrog skeleton (D:7)
  5 hounds
  13 orc priests
  An iron imp (D:10)
  4 iguanas
  22 orc wizards
  2 howler monkey zombies
  Robin (D:2)
  16 gnolls
  A howler monkey skeleton (D:6)
  5 adders
  A river rat (Sewer)
  A shadow imp (D:10)
  A white imp (D:10)
  An ufetubus (D:6)
  2 worms
  3 dart slugs (D:1)
  67 orcs
  4 endoplasms
  9 giant cockroaches
  21 goblins
  9 hobgoblins
  6 jackals
  2 quokkas
  2 ball pythons (D:1)
  10 bats
  A frilled lizard (D:1)
  16 kobolds
  13 rats
987 creatures vanquished.

Vanquished Creatures (collateral kills)
  A tarantella (Spider:2)
  A water moccasin (Lair:1)
  A gnoll sergeant (D:7)
3 creatures vanquished.

Vanquished Creatures (others)
  A wolf spider (Spider:4)
  A cane toad (Lair:1)
  A hornet (Spider:4)
  A bullfrog (Lair:1)
  A wolf (Lair:1)
  2 killer bees (D:10)
  A gnoll (D:7)
  3 bushes
  9 fulminant prisms
  67 fungi
  143 plants
230 creatures vanquished.

Grand Total: 1220 creatures vanquished

Notes
Turn   | Place    | Note
-------+----------+-------------------------------------------
     0 | D:1      | Zonian the Gnoll Conjurer began the quest for the Orb.
     0 | D:1      | Reached XP level 1. HP: 13/13 MP: 6/6
   219 | D:1      | Reached XP level 2. HP: 19/19 MP: 4/7
   256 | D:1      | Learned a level 2 spell: Searing Ray
  1045 | D:1      | Reached XP level 3. HP: 25/25 MP: 7/9
  1069 | D:1      | You fall into a shaft and drop 1 floor!
  1124 | D:1      | Reached skill level 5 in Spellcasting
  1560 | D:1      | Reached skill level 1 in Invocations
  1704 | D:2      | Noticed Sigmund
  2150 | D:2      | Reached skill level 1 in Fighting
  2150 | D:2      | Reached skill level 1 in Short Blades
  2150 | D:2      | Reached skill level 1 in Long Blades
  2150 | D:2      | Reached skill level 1 in Axes
  2150 | D:2      | Reached skill level 1 in Maces & Flails
  2150 | D:2      | Reached skill level 1 in Polearms
  2150 | D:2      | Reached skill level 1 in Staves
  2150 | D:2      | Reached skill level 1 in Slings
  2150 | D:2      | Reached skill level 1 in Bows
  2150 | D:2      | Reached skill level 1 in Crossbows
  2150 | D:2      | Reached skill level 1 in Throwing
  2150 | D:2      | Reached skill level 1 in Armour
  2150 | D:2      | Reached skill level 1 in Shields
  2150 | D:2      | Reached skill level 1 in Unarmed Combat
  2150 | D:2      | Reached skill level 1 in Evocations
  2301 | D:2      | Reached XP level 4. HP: 32/32 MP: 4/11
  2305 | D:2      | Learned a level 3 spell: Dazzling Flash
  2946 | D:2      | Killed Sigmund
  2947 | D:2      | Reached skill level 1 in Hexes
  2947 | D:2      | Reached skill level 1 in Summonings
  2947 | D:2      | Reached skill level 1 in Necromancy
  2947 | D:2      | Reached skill level 1 in Translocations
  2947 | D:2      | Reached skill level 1 in Transmutations
  2947 | D:2      | Reached skill level 1 in Fire Magic
  2947 | D:2      | Reached skill level 1 in Ice Magic
  2947 | D:2      | Reached skill level 1 in Air Magic
  2947 | D:2      | Reached skill level 1 in Earth Magic
  2947 | D:2      | Reached skill level 1 in Poison Magic
  2947 | D:2      | Reached XP level 5. HP: 5/38 MP: 0/12
  2998 | D:2      | Reached XP level 6. HP: 8/44 MP: 4/13
  3268 | D:2      | Reached skill level 2 in Invocations
  3297 | D:2      | Noticed Robin
  3831 | D:2      | Killed Robin
  4136 | D:2      | You fall into a shaft and drop 1 floor!
  4165 | D:3      | Learned a level 4 spell: Iskenderun's Mystic Blast
  5151 | D:2      | Reached skill level 5 in Dodging
  5461 | D:3      | You fall into a shaft and drop 1 floor!
  5461 | D:4      | Found a staircase to the Ecumenical Temple.
  5466 | Temple   | Entered the Ecumenical Temple
  5820 | Temple   | Became a worshipper of Ashenzari the Shackled
  5888 | D:4      | Noticed a necrophage
  5899 | D:4      | Killed a necrophage
  6156 | D:4      | Reached XP level 7. HP: 50/50 MP: 11/15
  6997 | D:5      | Entered Level 5 of the Dungeon
  7026 | D:5      | Reached skill level 5 in Stealth
  7035 | D:5      | Found Penocw's Weapon Shop.
  7066 | D:5      | Found Zesej's Armour Emporium.
  7102 | D:5      | Found a glowing drain.
  7115 | Sewer    | Entered a sewer
  7335 | Sewer    | Reached skill level 3 in Invocations
  7400 | Sewer    | Found a white marble altar of Elyvilon.
  7499 | D:5      | Bought a +0 helmet of see invisible for 172 gold pieces
  7546 | D:5      | Reached XP level 8. HP: 57/57 MP: 16/16
  7558 | D:5      | Found Muast's General Store.
  7879 | D:5      | Found Zaseseva's Magic Scroll Shoppe.
  8144 | D:5      | Reached * piety under Ashenzari
  8165 | D:5      | Learned a level 3 spell: Vampiric Draining
  8745 | D:6      | Reached skill level 4 in Invocations
  9270 | D:6      | Reached XP level 9. HP: 66/66 MP: 14/20
 10335 | D:7      | Reached skill level 5 in Invocations
 10686 | D:7      | Noticed Harold
 11040 | D:7      | Reached ** piety under Ashenzari
 11142 | D:7      | Reached XP level 10. HP: 76/76 MP: 22/22
 11786 | D:7      | Reached skill level 5 in Fighting
 11786 | D:7      | Reached skill level 5 in Short Blades
 11786 | D:7      | Reached skill level 5 in Long Blades
 11786 | D:7      | Reached skill level 5 in Axes
 11786 | D:7      | Reached skill level 5 in Maces & Flails
 11786 | D:7      | Reached skill level 5 in Polearms
 11786 | D:7      | Reached skill level 5 in Staves
 11786 | D:7      | Reached skill level 5 in Slings
 11786 | D:7      | Reached skill level 5 in Bows
 11786 | D:7      | Reached skill level 5 in Crossbows
 11786 | D:7      | Reached skill level 5 in Throwing
 11786 | D:7      | Reached skill level 5 in Armour
 11786 | D:7      | Reached skill level 5 in Shields
 11786 | D:7      | Reached skill level 5 in Unarmed Combat
 11786 | D:7      | Reached skill level 5 in Evocations
 11808 | D:7      | Killed Harold
 12457 | D:7      | Noticed a centaur warrior
 12459 | D:7      | Killed a centaur warrior
 12460 | D:7      | Reached skill level 6 in Invocations
 12695 | D:7      | Noticed Duvessa
 12697 | D:7      | Noticed Dowan
 12713 | D:7      | Killed Duvessa
 13607 | D:8      | Reached XP level 11. HP: 84/84 MP: 24/24
 14757 | D:9      | Reached skill level 5 in Hexes
 14757 | D:9      | Reached skill level 5 in Summonings
 14757 | D:9      | Reached skill level 5 in Necromancy
 14757 | D:9      | Reached skill level 5 in Translocations
 14757 | D:9      | Reached skill level 5 in Transmutations
 14757 | D:9      | Reached skill level 5 in Fire Magic
 14757 | D:9      | Reached skill level 5 in Ice Magic
 14757 | D:9      | Reached skill level 5 in Air Magic
 14757 | D:9      | Reached skill level 5 in Earth Magic
 14757 | D:9      | Reached skill level 5 in Poison Magic
 15800 | D:10     | Entered Level 10 of the Dungeon
 15814 | D:10     | Found a shimmering blue altar of Sif Muna.
 15834 | D:10     | Noticed a two-headed ogre
 15982 | D:10     | Noticed Erolcha
 15993 | D:10     | Killed Erolcha
 15994 | D:10     | Reached skill level 7 in Invocations
 16269 | D:10     | Found a staircase to the Lair.
 16704 | D:10     | Noticed a deep elf zephyrmancer
 16707 | D:10     | Killed a deep elf zephyrmancer
 16714 | D:10     | Noticed a deep elf pyromancer
 16727 | D:10     | Killed a deep elf pyromancer
 16737 | D:10     | Learned a level 3 spell: Mephitic Cloud
 16742 | D:10     | Learned a level 4 spell: Fulminant Prism
 17418 | D:10     | Learned a level 3 spell: Lesser Beckoning
 17549 | D:10     | Noticed Maggie
 17563 | D:10     | Killed Maggie
 17732 | D:10     | Killed a two-headed ogre
 17733 | D:10     | Reached XP level 12. HP: 69/94 MP: 16/26
 18267 | Lair:1   | Entered Level 1 of the Lair of Beasts
 18307 | Lair:1   | Noticed a seven-headed hydra
 18337 | Lair:1   | Killed a seven-headed hydra
 19237 | Lair:1   | Reached *** piety under Ashenzari
 19445 | Lair:1   | Noticed an eight-headed hydra
 19495 | Lair:1   | Killed an eight-headed hydra
 19496 | Lair:1   | Reached skill level 8 in Invocations
 20845 | Lair:2   | Identified a scroll of acquirement
 20855 | Lair:2   | Acquired a +1 rapier of draining
 20922 | Lair:2   | Noticed a four-headed hydra
 20929 | Lair:2   | Killed a four-headed hydra
 21177 | Lair:2   | Noticed Nergalle
 21197 | Lair:2   | Killed Nergalle
 22566 | Lair:3   | Reached XP level 13. HP: 100/102 MP: 26/28
 23986 | Lair:4   | Reached **** piety under Ashenzari
 24342 | Lair:4   | Reached skill level 9 in Invocations
 24875 | Lair:4   | Reached skill level 10 in Conjurations
 24924 | Lair:4   | Found a staircase to the Shoals.
 25337 | Lair:4   | Found a hole to the Spider Nest.
 26791 | Lair:4   | Reached skill level 10 in Spellcasting
 26849 | Lair:5   | Noticed Josephine
 26885 | Lair:5   | Killed Josephine
 27618 | Lair:4   | Reached XP level 14. HP: 113/113 MP: 30/30
 27905 | Lair:5   | Reached skill level 10 in Dodging
 29163 | Lair:6   | Entered Level 6 of the Lair of Beasts
 29202 | Lair:6   | Reached skill level 10 in Stealth
 30160 | Lair:6   | Found a staircase to the Slime Pits.
 30207 | Lair:6   | Reached skill level 10 in Invocations
 33803 | Lair:6   | Identified the +0 ring mail "Bihig" {rF+ rC+ rCorr Int-2}
 34716 | D:11     | Found a portal to a secret trove of treasure.
 34990 | D:11     | Learned a level 3 spell: Ignite Poison
 35166 | D:11     | Noticed Gastronok
 35184 | D:11     | Killed Gastronok
 35185 | D:11     | Reached XP level 15. HP: 88/120 MP: 16/31
 36063 | D:11     | Found a staircase to the Orcish Mines.
 37321 | D:12     | Learned a level 5 spell: Borgnjor's Vile Clutch
 37938 | D:12     | Found Giomohus's Jewellery Shop.
 38187 | D:12     | Learned a level 6 spell: Iron Shot
 38731 | D:13     | Reached skill level 10 in Fighting
 38731 | D:13     | Reached skill level 10 in Short Blades
 38731 | D:13     | Reached skill level 10 in Long Blades
 38731 | D:13     | Reached skill level 10 in Axes
 38731 | D:13     | Reached skill level 10 in Maces & Flails
 38731 | D:13     | Reached skill level 10 in Polearms
 38731 | D:13     | Reached skill level 10 in Staves
 38731 | D:13     | Reached skill level 10 in Slings
 38731 | D:13     | Reached skill level 10 in Bows
 38731 | D:13     | Reached skill level 10 in Crossbows
 38731 | D:13     | Reached skill level 10 in Throwing
 38731 | D:13     | Reached skill level 10 in Armour
 38731 | D:13     | Reached skill level 10 in Shields
 38731 | D:13     | Reached skill level 10 in Unarmed Combat
 38731 | D:13     | Reached skill level 10 in Evocations
 38736 | D:13     | Acquired the ring of Jetus {rElec rPois MP+9 Str-4 Int+5}
 39592 | D:13     | Noticed Maurice
 39617 | D:13     | Killed Maurice
 39975 | D:14     | Found a gate to the Vaults.
 40311 | D:14     | Reached skill level 11 in Invocations
 41406 | D:14     | Noticed Agnes
 41414 | D:14     | Killed Agnes
 42867 | D:14     | Identified the +0 scale mail of the Kettle-Drum {*Slow
                  | Int+6}
 43185 | D:14     | Reached XP level 16. HP: 109/129 MP: 33/33
 44763 | D:15     | Entered Level 15 of the Dungeon
 44869 | D:15     | Found a staircase to the Depths.
 47149 | D:15     | Reached ***** piety under Ashenzari
 47212 | D:15     | Found Laxker's Antique Weapon Boutique.
 47448 | Orc:1    | Entered Level 1 of the Orcish Mines
 47723 | Orc:2    | Entered Level 2 of the Orcish Mines
 47723 | Orc:2    | Found Kuinetzo's General Store.
 47732 | Orc:2    | Bought a wand of acid (10) for 364 gold pieces
 47732 | Orc:2    | Bought a potion of haste for 130 gold pieces
 47732 | Orc:2    | Bought a potion of curing for 39 gold pieces
 47732 | Orc:2    | Bought a potion of curing for 39 gold pieces
 47740 | Orc:2    | Found Cipyuttyzxe's Antique Armour Boutique.
 48085 | Orc:2    | Found Upil's Jewellery Emporium.
 48139 | Orc:2    | Bought the ring of the Trilobite {rC+ Slay+5} for 901 gold
                  | pieces
 48661 | Orc:2    | Found a staircase to the Elven Halls.
 48715 | Orc:2    | Noticed Saint Roka
 48721 | Orc:2    | Found Jauhu's Antique Armour Shop.
 48740 | Orc:2    | Killed Saint Roka
 48951 | Orc:2    | Reached skill level 12 in Invocations
 49396 | Orc:2    | Found Sorchonu's General Store.
 49404 | Orc:2    | Bought a scroll of fog for 26 gold pieces
 49404 | Orc:2    | Bought a scroll of fog for 26 gold pieces
 49621 | Orc:2    | Found Hoxuzig's Antique Weapon Shop.
 49680 | Orc:2    | Found Vobi's Book Shop.
 49791 | Orc:2    | Bought a book of Armaments for 432 gold pieces
 49795 | Orc:2    | Learned a level 3 spell: Stone Arrow
 50015 | Spider:1 | Entered Level 1 of the Spider Nest
 50666 | Spider:1 | Reached XP level 17. HP: 137/137 MP: 31/35
 54021 | Spider:2 | Noticed Azrael
 54978 | Spider:2 | Killed Azrael
 55685 | Spider:2 | Noticed Aizul
 55698 | Spider:2 | Killed Aizul
 56154 | Spider:2 | Reached skill level 10 in Hexes
 56154 | Spider:2 | Reached skill level 10 in Summonings
 56154 | Spider:2 | Reached skill level 10 in Necromancy
 56154 | Spider:2 | Reached skill level 10 in Translocations
 56154 | Spider:2 | Reached skill level 10 in Transmutations
 56154 | Spider:2 | Reached skill level 10 in Fire Magic
 56154 | Spider:2 | Reached skill level 10 in Ice Magic
 56154 | Spider:2 | Reached skill level 10 in Air Magic
 56154 | Spider:2 | Reached skill level 10 in Earth Magic
 56154 | Spider:2 | Reached skill level 10 in Poison Magic
 58325 | Spider:4 | Entered Level 4 of the Spider Nest
 59759 | Spider:3 | Reached XP level 18. HP: 141/146 MP: 2/37
 61411 | Spider:4 | Noticed Arachne
 62200 | Spider:4 | Killed Arachne
 62395 | Spider:4 | Reached skill level 13 in Invocations
 62810 | Spider:4 | Mangled by an emperor scorpion

Illustrated notes

Levels and vault maps discovered:
D:1:      evilmike_arrival_rings, layout_basic, serial_glass, glass_columns_a,
          glass_columns_a
D:2:      layout_rooms, uniq_sigmund, uniq_robin
D:3:      layout_loops_ring, palyth_stone_intersect, minmay_checkerbox
D:4:      layout_cave_pools, temple_green
D:5:      layout_basic, portal_sewer_entry_d, serial_shops, shop,
          nicolae_shop_window_shopping, nicolae_shop_window_shopping, shop,
          interstate_on_off, hangedman_abyss_or_decor_slice,
          kennysheep_generic_room_10
D:6:      layout_gridville, minmay_ogre_servants
D:7:      nzn_winding_woodlands_medium [nzn_winding_woodlands_5x5_open_star,
          nzn_winding_woodlands_5x15_river_crossing,
          nzn_winding_woodlands_5x5_default, nzn_winding_woodlands_hourglass,
          nzn_winding_woodlands_center_diamonds,
          nzn_winding_woodlands_5x5_cross, nzn_winding_woodlands_5x5_perimeter,
          nzn_winding_woodlands_5x15_pool, nzn_winding_woodlands_5x5_three],
          layout_basic, minmay_ruffians, uniq_duvessa, uniq_harold
D:8:      layout_loops_ring, chequers_mini_garden
D:9:      layout_loops_ring, minmay_strange_pillars
D:10:     layout_roguey [special_room_bee], old_standard_altar,
          lair_entry_dummy, kennysheep_nondescript, hangedman_minor_magic,
          uniq_maggie, uniq_erolcha
D:11:     layout_irregular_city, erik_orc_1, enter_trove_3, uniq_gastronok
D:12:     layout_long_grid, serial_shops, nicolae_lakefront_shop
D:13:     layout_big_octagon, uniq_maurice
D:14:     minmay_the_grid_square_5x5_4x4 [minmay_the_grid_square_5x5_bridge,
          minmay_the_grid_square_5x5_inner_i, minmay_the_grid_square_5x5_seven,
          minmay_the_grid_square_5x5_c, minmay_the_grid_square_5x5_shuriken,
          minmay_the_grid_square_5x5_prize_waves,
          minmay_the_grid_square_5x5_prize_open,
          minmay_the_grid_square_5x5_two_walls_a,
          minmay_the_grid_square_5x5_comb,
          minmay_the_grid_square_5x5_prize_open,
          minmay_the_grid_square_5x5_prize_gold,
          minmay_the_grid_square_5x5_shrine2,
          minmay_the_grid_square_5x5_minimal,
          minmay_the_grid_square_5x5_two_walls_b,
          minmay_the_grid_square_5x5_inner_v, minmay_the_grid_square_5x5_z],
          layout_irregular_city, skrybe_vaults_entry_preservation,
          minmay_misc_feat_chi, uniq_agnes
D:15:     gammafunk_enter_depths_forms, layout_gridville, serial_shops,
          nicolae_shop_overgrown_old_shop, grunt_decor_one_mirror
Temple:   nicolae_temple_the_god_donut
Lair:1:   layout_chaotic_city, st_stairs_3, grunt_megastairs_5
Lair:2:   layout_long_grid, uniq_nergalle
Lair:3:   layout_regular_city, serial_bayou_pond_b,
          grunt_forest_large_clearing_hut, infiniplex_staircase_pool_2
Lair:4:   layout_layer_cave, elwin_shoals_entry_rooms, spider_nest_entry_rubble,
          minmay_lair_drake_nest
Lair:5:   layout_misc_corridors, serial_bayou_shore_b, serial_bayou_shore_b,
          lemuel_fruit_tree, grunt_megastairs_1, infiniplex_staircase_pool,
          uniq_josephine
Lair:6:   grunt_lair_end_beastmaster, layout_regular_city,
          minmay_slime_entry_oklob_open, serial_bayou_lagoon_a,
          minmay_lair_oklob_chamber, grunt_megastairs_4
Spider:1: layout_spider_delve, drop_trap, worms_lemuel
Spider:2: layout_spider_delve, nicolae_spider_nook, uniq_aizul, uniq_azrael
Spider:3: layout_chambers, hangedman_spider_tarantella_strand
Spider:4: johnstein_spider_rune_arachne_lair
Orc:1:    layout_caves
Orc:2:    grunt_orc_cross, layout_diamond_mine, serial_shops, shop,
          nicolae_shop_window_shopping, nicolae_shop_stone, basic_altar,
          rock_pile

Skill      XL: |  1  2  3  4  5  6  7  8  9 10 11 12 13 14 15 16 17 18 |
---------------+-------------------------------------------------------+-----
Spellcasting   | 5 6 7 8 9 10 11 12 | 12.9
Invocations    | 1 2 3 4 5 6 7 8 9 10 11 12 13 | 13.0
Fighting       | 1 2 3 4 5 6 7 8 9 10 11 12 | 12.0
Short Blades   | 1 2 3 4 5 6 7 8 9 10 11 12 | 12.0
Long Blades    | 1 2 3 4 5 6 7 8 9 10 11 12 | 12.0
Axes           | 1 2 3 4 5 6 7 8 9 10 11 12 | 12.0
Maces & Flails | 1 2 3 4 5 6 7 8 9 10 11 12 | 12.0
Polearms       | 1 2 3 4 5 6 7 8 9 10 11 12 | 12.0
Staves         | 1 2 3 4 5 6 7 8 9 10 11 12 | 12.0
Slings         | 1 2 3 4 5 6 7 8 9 10 11 12 | 12.0
Bows           | 1 2 3 4 5 6 7 8 9 10 11 12 | 12.0
Crossbows      | 1 2 3 4 5 6 7 8 9 10 11 12 | 12.0
Throwing       | 1 2 3 4 5 6 7 8 9 10 11 12 | 12.0
Armour         | 1 2 3 4 5 6 7 8 9 10 11 12 | 12.0
Shields        | 1 2 3 4 5 6 7 8 9 10 11 12 | 12.0
Unarmed Combat | 1 2 3 4 5 6 7 8 9 10 11 12 | 12.0
Evocations     | 1 2 3 4 5 6 7 8 9 10 11 12 | 12.0
Hexes          | 1 2 3 4 5 6 7 8 9 10 | 10.3
Summonings     | 1 2 3 4 5 6 7 8 9 10 | 10.3
Necromancy     | 1 2 3 4 5 6 7 8 9 10 | 10.3
Translocations | 1 2 3 4 5 6 7 8 9 10 | 10.3
Transmutations | 1 2 3 4 5 6 7 8 9 10 | 10.3
Fire Magic     | 1 2 3 4 5 6 7 8 9 10 | 10.3
Ice Magic      | 1 2 3 4 5 6 7 8 9 10 | 10.3
Air Magic      | 1 2 3 4 5 6 7 8 9 10 | 10.3
Earth Magic    | 1 2 3 4 5 6 7 8 9 10 | 10.3
Poison Magic   | 1 2 3 4 5 6 7 8 9 10 | 10.3
Dodging        | 5 6 7 8 9 10 11 12 | 12.8
Stealth        | 5 6 7 8 9 10 11 12 | 12.6
Conjurations   | 8 9 10 11 12 | 12.2

Action                   |  1- 3 |  4- 6 |  7- 9 | 10-12 | 13-15 | 16-18 || total
-------------------------+-------+-------+-------+-------+-------+-------++-------
Melee: Short sword       |    27 |    33 |   192 |   331 |  1064 |  1028 ||  2675
       Bite              |     1 |       |    17 |    34 |   106 |    89 ||   247
       Punch             |       |       |       |     9 |    50 |       ||    59
       War axe           |       |       |       |       |    24 |       ||    24
 Fire: Shortbow          |       |       |       |       |    13 |       ||    13
 Cast: Magic Dart        |    72 |   102 |    86 |   211 |   223 |   243 ||   937
       Searing Ray       |     1 |     6 |    12 |    52 |    44 |    38 ||   153
       Dazzling Flash    |       |       |       |     2 |     7 |     4 ||    13
       Iskenderun's Myst |       |       |       |    12 |    76 |   100 ||   188
       Mephitic Cloud    |       |       |       |     5 |    80 |    38 ||   123
       Fulminant Prism   |       |       |       |     3 |     5 |     1 ||     9
       Borgnjor's Vile C |       |       |       |       |    11 |    14 ||    25
       Iron Shot         |       |       |       |       |     8 |    46 ||    54
       Ignite Poison     |       |       |       |       |     7 |     5 ||    12
       Stone Arrow       |       |       |       |       |       |     8 ||     8
       Lesser Beckoning  |       |       |       |       |       |     3 ||     3
Invok: Curse Item        |       |       |     3 |     2 |     3 |     3 ||    11
       Shatter the Chain |       |       |       |       |     1 |     1 ||     2
Evoke: Wand              |       |       |     4 |    22 |    24 |    30 ||    80
  Use: Scroll            |       |     2 |     2 |     4 |     4 |     4 ||    16
       Potion            |       |       |       |       |     2 |     2 ||     4
 Stab: Sleeping          |     2 |       |     9 |    13 |    19 |    22 ||    65
       Confused          |       |       |       |     4 |    36 |    19 ||    59
       Distracted        |       |       |       |       |     1 |     2 ||     3
       Invisible         |       |       |       |       |     4 |       ||     4
Armor: Robe              |     5 |    20 |    30 |    58 |   185 |   261 ||   559
Dodge: Dodged            |    28 |    49 |   153 |   426 |   784 |   775 ||  2215
Block: Buckler           |       |       |       |       |    61 |   437 ||   498

Table legend: (Time is in decaauts)
 A = Elapsed time spent in this place.
 B = Non-inter-level travel time spent in this place.
 C = Inter-level travel time spent in this place.
 D = Time resting spent in this place.
 E = Time spent auto-exploring this place.
 F = Levels seen in this place.
 G = Mean time per level.
                   A        B        C        D        E       F      G
               +--------+--------+--------+--------+--------+-----+--------+
         Total |  61872 |  60021 |   1851 |  33550 |  15005 |  29 | 2133.5 |
       Dungeon |  30024 |  29207 |    817 |  15095 |   8767 |  15 | 2001.6 |
        Temple |    366 |    354 |     12 |      0 |    239 |   1 |  366.0 |
          Lair |  16272 |  15829 |    443 |   9193 |   3518 |   6 | 2712.0 |
   Spider Nest |  12578 |  12087 |    491 |   8204 |   1670 |   4 | 3144.5 |
  Orcish Mines |   2267 |   2181 |     86 |    916 |    706 |   2 | 1133.5 |
         Sewer |    363 |    363 |      0 |    142 |    104 |   1 |  363.0 |
               +--------+--------+--------+--------+--------+-----+--------+

Top non-repeatable levels by time:
Spider:1: 4599 daAuts
    D:14: 4592 daAuts
Spider:3: 4356 daAuts
  Lair:6: 3907 daAuts
  Lair:4: 3824 daAuts
     D:1: 2985 daAuts
  Lair:5: 2785 daAuts
     D:7: 2754 daAuts
    D:10: 2483 daAuts
    D:15: 2458 daAuts
  Lair:1: 2251 daAuts
    D:11: 2058 daAuts
    D:12: 2007 daAuts
   Orc:2: 2000 daAuts
     D:6: 1993 daAuts
